Map: Ascension to Aiur LE

Players

Reynor

  • Race: Zerg Zerg
  • League: Grandmaster
  • Spawn Location: 5:00

Rail - Winner!

  • Race: Protoss Protoss
  • Spawn Location: 11:00

Event: WESG Barcelona European Finals 2017

VOD

Have the link to the VOD?

Description

Time

  • Played on: Nov. 23, 2017, 7:24 a.m.
  • Length: 11:59

All games in this series

Show
View Real Time Build Order
Export as new Build Order

Reynor Zerg 

Build Orders: Hatch First 

Get SALT Encoding   

  12  0:01  Drone  
  13  0:12  Overlord  
  13  0:17  Drone  
  14  0:31  Drone x2  
  14  0:34  Drone  
  17  0:53  Hatchery  
  17  0:56  Drone  
  17  1:00  Drone  
  17  1:04  Extractor  
  17  1:16  Spawning Pool  
  16  1:19  Drone  
  16  1:22  Drone  
  18  1:28  Drone  
  19  1:39  Overlord  
  19  1:53  Drone  
  20  2:03  Queen  
  20  2:04  Zergling x2  
  20  2:05  Queen  
  20  2:06  Zergling x2  
  26  2:14  Metabolic Boost  
  26  2:18  Drone  
  26  2:20  Drone  
  28  2:24  Drone  
  28  2:29  Drone  
  30  2:32  Drone  
  31  2:37  Drone  
  31  2:41  Pneumatized Carapace  
  32  2:46  Queen  
  32  2:50  Overlord  
  34  3:03  Hatchery  
  34  3:05  Drone  
  34  3:08  Drone  
  34  3:11  Drone  
  36  3:14  Drone x2  
  36  3:16  Drone  
  36  3:18  Drone  
  41  3:20  Drone  
  41  3:24  Overlord  
  41  3:26  Drone  
  42  3:29  Drone  
  42  3:31  Drone  
  44  3:39  Spore Crawler  
  44  3:40  Drone  
  44  3:42  Queen  
  44  3:43  Drone  
  44  3:45  Drone  
  44  3:47  Drone x2  
  50  3:50  Evolution Chamber  
  49  3:57  Spore Crawler, Overlord  
  49  3:59  Drone x2  
  49  4:02  Drone  
  51  4:04  Drone  
  51  4:17  Zerg Missile Weapons Level 1  
  51  4:18  Drone x2  
  51  4:19  Drone x3  
  51  4:22  Drone x4  
  60  4:28  Overlord  
  60  4:32  Spore Crawler  
  60  4:34  Overlord  
  60  4:37  Roach Warren  
  58  4:40  Overlord  
  58  4:47  Drone x2  
  58  4:48  Drone  
  58  4:49  Extractor  
  60  4:53  Drone x3  
  60  4:54  Drone  
  60  4:56  Extractor  
  60  4:57  Overlord  
  63  5:01  Drone  
  64  5:13  Overlord  
  64  5:18  Roach x8  
  64  5:20  Drone x2  
  64  5:21  Overlord  
  82  5:25  Overlord  
  82  5:30  Overlord, Extractor  
  82  5:33  Roach x2  
  82  5:34  Roach  
  87  5:37  Spine Crawler, Roach  
  87  5:39  Drone x3  
  87  5:40  Drone  
  92  5:43  Drone  
  92  5:46  Drone x2  
  92  5:47  Drone x2, Extractor  
  92  5:49  Drone x3  
  99  5:51  Lair  
  99  5:53  Drone x2  
  101  6:00  Overlord  
  101  6:04  Drone x2  
  101  6:07  Extractor  
  101  6:11  Roach  
  101  6:14  Roach x3  
  101  6:15  Roach  
  101  6:17  Overlord  
  110  6:19  Roach x3  
  110  6:20  Roach x2  
  110  6:22  Overlord  
  110  6:25  Overlord  
  120  6:31  Overlord  
  120  6:36  Roach x2  
  124  6:41  Hatchery  
  124  6:43  Overlord  
  123  6:54  Overlord  
  123  6:55  Zerg Missile Weapons Level 2  
  123  6:56  Hydralisk Den, Queen, Glial Reconstitution  
  124  7:02  Overlord  
  124  7:03  Drone x9  
  124  7:06  Drone  
  134  7:09  Infestation Pit  
  134  7:14  Drone x4  
  137  7:15  Zergling x2  
  137  7:16  Zergling x4  
  137  7:17  Overseer  
  137  7:19  Overlord  
  140  7:24  Hydralisk  
  140  7:25  Hydralisk x3  
  140  7:26  Hydralisk  
  150  7:30  Muscular Augments  
  150  7:31  Hydralisk  
  150  7:36  Hydralisk x2  
  156  7:39  Extractor  
  156  7:40  Overlord  
  156  7:41  Extractor  
  156  7:43  Hydralisk x2  
  158  7:49  Hive  
  158  7:50  Drone  
  158  7:51  Drone x2  
  161  7:56  Hydralisk, Spire  
  162  8:02  Overlord  
  162  8:06  Overlord  
  162  8:15  Roach x7  
  162  8:19  Overlord  
  176  8:27  Hydralisk x6  
  176  8:31  Overlord  
  188  8:44  Queen  
  190  8:48  Spore Crawler  
  190  8:50  Overseer  
  189  9:04  Pathogen Glands  
  169  9:29  Greater Spire  
  169  9:30  Roach x3  
  169  9:31  Roach x10  
  189  9:33  Overlord  
  189  9:35  Overlord  
  189  9:38  Corruptor  
  185  9:39  Corruptor x5  
  185  9:40  Corruptor  
  199  9:52  Overlord  
  199  9:59  Spine Crawler  
  198  10:00  Spine Crawler x2  
  198  10:01  Spine Crawler x2  
  198  10:03  Spine Crawler  
  193  10:08  Hatchery  
  193  10:09  Hydralisk x3  
  193  10:10  Hydralisk  
  196  10:24  Overseer  
  196  10:35  Spine Crawler  
  196  10:37  Spine Crawler  
  196  10:42  Brood Lord x2  
  198  10:45  Brood Lord  
  196  10:54  Roach  
  196  10:55  Roach x5  
  196  10:56  Hydralisk x4  
  196  10:58  Roach x2, Brood Lord x3  
  196  10:59  Hydralisk, Roach x2  
  196  11:00  Hydralisk x2  
  196  11:01  Zergling x8  
  196  11:02  Zergling x2  
  185  11:05  Roach  
  185  11:08  Roach x2  
  185  11:12  Brood Lord  
  185  11:16  Hydralisk x2  
  169  11:20  Roach  
  169  11:24  Hydralisk x2  
  158  11:25  Zergling x2  
  158  11:29  Hydralisk  
  158  11:30  Hydralisk  
Show
View Real Time Build Order
Export as new Build Order

Rail Protoss - Winner!

Build Orders: 1 Gate Expand, Oracle Opening, Phoenix Opening, Archon Immortal, Zealot Archon, Archon Drop 

Get SALT Encoding   

  12  0:00  Probe (Chrono Boost)  
  13  0:12  Probe (Chrono Boost)  
  14  0:15  Probe  
  14  0:20  Pylon  
  15  0:38  Probe  
  15  0:39  Gateway  
  16  0:45  Assimilator  
  16  0:51  Probe  
  17  1:03  Probe (Chrono Boost)  
  18  1:15  Probe (Chrono Boost)  
  19  1:21  Nexus  
  19  1:31  Cybernetics Core  
  19  1:32  Probe  
  20  1:39  Assimilator  
  20  1:44  Probe  
  21  1:50  Pylon  
  21  1:56  Probe  
  22  2:09  Probe (Chrono Boost), Warp Gate, Adept  
  25  2:21  Probe (Chrono Boost)  
  26  2:25  Probe (Chrono Boost)  
  26  2:29  Stargate  
  27  2:33  Probe (Chrono Boost)  
  29  2:41  Adept  
  29  2:43  Probe x2 (Chrono Boost)  
  32  2:47  Probe x2  
  34  2:59  Probe  
  34  3:00  Probe  
  36  3:05  Gateway  
  39  3:14  Probe (Chrono Boost), Oracle (Chrono Boost)  
  39  3:17  Probe (Chrono Boost)  
  41  3:21  Pylon  
  41  3:26  Probe (Chrono Boost)  
  43  3:27  Probe (Chrono Boost)  
  43  3:28  Probe  
  43  3:32  Assimilator  
  44  3:35  Probe  
  44  3:37  Pylon  
  44  3:40  Probe  
  46  3:47  Probe, Assimilator  
  49  3:50  Phoenix (Chrono Boost)  
  49  3:52  Probe  
  50  3:59  Probe  
  50  4:01  Robotics Facility  
  51  4:05  Probe, Twilight Council  
  51  4:07  Forge  
  52  4:17  Probe  
  52  4:21  Probe  
  52  4:23  Gateway  
  54  4:27  Gateway  
  54  4:29  Pylon  
  54  4:31  Charge  
  54  4:36  Probe  
  55  4:41  Protoss Ground Weapons Level 1 (Chrono Boost)  
  55  4:46  Probe  
  55  4:50  Warp Prism  
  59  4:53  Templar Archives  
  58  5:01  Gateway  
  58  5:02  Gateway  
  58  5:06  Gateway  
  58  5:08  Gateway  
  58  5:16  Pylon  
  58  5:18  Probe  
  58  5:21  Zealot x3  
  60  5:24  Pylon  
  60  5:26  Observer  
  65  5:38  Nexus  
  65  5:39  Pylon  
  65  5:48  Pylon  
  65  5:49  High Templar x4  
  73  5:53  Archon  
  73  5:54  Archon  
  73  5:57  Zealot x2  
  75  6:04  Probe x2, Zealot x2  
  83  6:16  Probe  
  84  6:19  Protoss Ground Weapons Level 2 (Chrono Boost), Immortal  
  84  6:22  Probe  
  89  6:29  Probe  
  89  6:32  Probe  
  90  6:33  Gateway  
  90  6:34  Gateway  
  90  6:36  Probe  
  90  6:38  Probe  
  91  6:45  Probe (Chrono Boost)  
  93  6:53  Probe (Chrono Boost)  
  96  6:55  Probe (Chrono Boost)  
  96  6:59  Assimilator  
  99  7:01  Assimilator  
  99  7:03  Probe x3 (Chrono Boost), Pylon  
  99  7:06  Pylon  
  99  7:07  Probe x2  
  101  7:09  Psionic Storm  
  101  7:11  Immortal  
  101  7:12  Probe  
  101  7:15  Sentry  
  108  7:19  Probe  
  108  7:20  Probe  
  110  7:24  Sentry, Pylon  
  110  7:26  Probe  
  110  7:28  Photon Cannon  
  113  7:31  Probe  
  114  7:40  High Templar x2, Zealot x3  
  124  7:45  Pylon  
  124  7:46  High Templar, Pylon  
  124  7:50  Immortal (Chrono Boost)  
  130  8:02  Robotics Bay  
  130  8:15  Protoss Ground Weapons Level 3 (Chrono Boost)  
  130  8:19  Pylon, Immortal (Chrono Boost)  
  134  8:20  Photon Cannon  
  134  8:21  Photon Cannon  
  134  8:28  High Templar  
  134  8:34  Nexus  
  136  8:38  Photon Cannon  
  136  8:39  Photon Cannon  
  136  8:40  Extended Thermal Lance  
  136  8:42  Photon Cannon  
  136  8:46  Probe, Shield Battery, Pylon  
  137  8:49  Colossus  
  143  8:56  Zealot x2  
  143  8:59  High Templar, Zealot x2  
  153  9:07  Zealot  
  153  9:08  Zealot  
  149  9:19  Zealot  
  144  9:26  High Templar  
  144  9:27  Zealot x2  
  144  9:29  Blink  
  144  9:30  Probe x3  
  151  9:32  High Templar, Zealot  
  151  9:37  Archon  
  155  9:43  Colossus (Chrono Boost)  
  155  9:44  Assimilator  
  155  9:45  Assimilator  
  155  9:48  High Templar  
  155  9:49  Zealot x6  
  169  9:53  Pylon x2  
  169  9:58  Observer  
  169  10:05  Stalker x3  
  175  10:12  Stalker x4  
  183  10:17  Stalker x2  
  187  10:21  Stalker  
  189  10:40  Stalker x3  
  191  10:53  Archon  
  191  10:54  Zealot, Stalker  
  191  10:55  Zealot x5  
  183  11:03  Colossus  
  158  11:04  Zealot x2, Stalker  
  153  11:21  Zealot x4, Stalker  
  153  11:22  Zealot x2  
  129  11:46  Zealot x2, Stalker x4  
  129  11:47  Zealot x4  
Tags
 
Add a new tag
Caveats
  • Supply blocks, unpowered buildings, or Contaminate may cause inaccurate times.
  • Supply counts are checked every 10 seconds.